 Dungeon Crawl Stone Soup version 0.25-a0-36-g303dd5b1f4 (webtiles) character file.

Game seed: 14669357349739772324, levelgen mode: deterministic

40 Arixos the Skirmisher (level 3, 0/29 HPs)
             Began as a Demonspawn Monk on Oct 20, 2019.
             Slain by a worm (4 damage)
             ... on level 2 of the Dungeon.
             The game lasted 00:03:47 (1228 turns).

Arixos the Skirmisher (Demonspawn Monk)             Turns: 1228, Time: 00:03:47

Health: 0/29       AC:  4    Str: 14    XL:     3   Next: 30%
Magic:  3/3        EV: 13    Int: 11    God:
Gold:   30         SH:  0    Dex: 15    Spells: 2/2 levels left

rFire    + . .     SeeInvis .     - Unarmed
rCold    . . .     Gourm    +   (no shield)
rNeg     . . .     Faith    .   a - +0 robe
rPois    .         Spirit   .   (no helmet)
rElec    .         Reflect  .   (no cloak)
rCorr    .         Harm     .   (no gloves)
MR       .....                  (no boots)
Stlth    ++........             n - amulet of the gourmand
HPRegen  0.09/turn              h - +2 ring of strength
MPRegen  0.08/turn              o - ring of protection from fire

@: no status effects
A: thin metallic scales 1
a: no special abilities


You were on level 2 of the Dungeon.
You were not hungry.

You visited 1 branch of the dungeon, and saw 2 of its levels.

You collected 30 gold pieces.

Inventory:

Armour
 a - a +0 robe (worn)
Jewellery
 h - a +2 ring of strength (left hand)
 n - an amulet of the gourmand (around neck)
 o - a ring of protection from fire (right hand)
Scrolls
 d - 2 scrolls of magic mapping {unknown}
 g - 3 scrolls of identify {unknown}
 i - a scroll of random uselessness {unknown}
 k - 2 scrolls of teleportation {unknown}
 l - a scroll of blinking {unknown}
 m - a scroll of enchant armour {unknown}
Potions
 e - 2 potions of ambrosia {unknown}
 f - 2 potions of brilliance {unknown}
 j - a potion of haste {unknown}
 p - a potion of invisibility {unknown}
Comestibles
 b - 2 rations
 c - a chunk of flesh


   Skills:
 + Level 3.5 Fighting
 + Level 1.3 Armour
 + Level 3.1 Dodging
 - Level 1.7 Stealth
 - Level 2.6 Unarmed Combat


You had 2 spell levels left.
You didn't know any spells.
Your spell library was empty.

Dungeon Overview and Level Annotations

Branches:
Dungeon (2/15)

Altars:
Nemelex Xobeh


Innate Abilities, Weirdness & Mutations

You are partially covered in thin metallic scales. (AC +2)


Message History

The worm bites you.
* * * LOW HITPOINT WARNING * * *
You hit the worm.
The worm is severely wounded.
The worm closely misses you.
You hit the worm.
The worm is almost dead.
You barely miss the worm.
The worm is almost dead.
The worm barely misses you.
You barely miss the worm.
The worm is almost dead.
You hit the worm.
The worm is almost dead.
The worm bites you.
* * * LOW HITPOINT WARNING * * *
You barely miss the worm.
The worm is almost dead.
The worm bites you.
You die...

.# #.# .# #.# )# ##'##
.# ##...## .###
##.....## .#.##
##.......## #..
....####..%.)....##.....
.......'........@w......
#)..####.........##..?..
##.## ##.......## #.#
#### ##.....## # ##...##
# ##+## # # #


You could see a worm.

Vanquished Creatures
  2 dart slugs (D:1)
  A leopard gecko (D:2)
  2 bats (D:1)
  5 goblins
  4 hobgoblins (D:1)
  3 jackals (D:1)
  7 kobolds
  2 frilled lizards (D:1)
  6 rats (D:1)
32 creatures vanquished.

Notes
Turn   | Place    | Note
-------+----------+-------------------------------------------
     0 | D:1      | Arixos the Demonspawn Monk began the quest for the Orb.
     0 | D:1      | Reached XP level 1. HP: 18/18 MP: 1/1
    50 | D:1      | Gained mutation: You are partially covered in thin metallic
                  | scales. (AC +2) [demonic ancestry]
    50 | D:1      | Reached XP level 2. HP: 23/24 MP: 2/2
   200 | D:1      | Found a sparkling altar of Nemelex Xobeh.
   329 | D:1      | Reached skill level 1 in Armour
   858 | D:1      | Reached XP level 3. HP: 28/29 MP: 3/3
  1228 | D:2      | Slain by a worm

Levels and vault maps discovered:
D:1:      minmay_arrival_five_plusses, layout_loops_corners,
          chequers_serial_rivers_small_b, nemelex_diamond_rough_becter
D:2:      layout_loops_corners, first_ration, okawaru_metal_pillars_1_2

Skill      XL: |  1  2 |
---------------+-------+-----
Dodging        | 3 |  3.1
Armour         | 1 |  1.3
Fighting       | |  3.5
Stealth        | |  1.7
Unarmed Combat | |  2.6

Action                   || total
-------------------------++-------
Melee: Unarmed           ||   161
 Stab: Sleeping          ||     3
  Eat: Chunk             ||     2
Armor: Robe              ||    29
Dodge: Dodged            ||   113

Table legend:
 A = Non-vault XP
 B = Vault XP
 C = Vault XP percentage of total XP
 D = Non-vault monster count
 E = Vault monster count
 F = Vault count percentage of total count
                 A         B        C        D         E       F
            +---------+---------+-------+---------+---------+-------
      Total |      58 |       0 |   0.0 |      32 |       0 |   0.0
            +---------+---------+-------+---------+---------+-------
        D:1 |      51 |       0 |   0.0 |      29 |       0 |   0.0
        D:2 |       7 |       0 |   0.0 |       3 |       0 |   0.0
            +---------+---------+-------+---------+---------+-------
